Map: Ruinas de Seras

Players

xXkazperXx

  • Race: Zerg Zerg

RANURA DE IA (Media) - Winner!

  • Race: Zerg Zerg

VOD

Have the link to the VOD?

Description

Time

  • Played on: March 7, 2016, 7:56 a.m.
  • Length: 24:29
Show
View Real Time Build Order
Export as new Build Order

xXkazperXx Zerg 

Build Orders: Pool First 

Get SALT Encoding   

  12  0:03  Drone  
  13  0:09  Drone  
  14  0:18  Overlord  
  14  0:37  Spawning Pool  
  14  0:39  Drone  
  14  0:42  Drone  
  15  0:46  Drone  
  16  0:56  Extractor  
  15  1:01  Drone  
  17  1:04  Drone  
  17  1:12  Drone  
  18  1:25  Drone  
  18  1:30  Queen  
  21  1:38  Zergling x2  
  22  1:52  Overlord  
  22  2:18  Lair  
  22  2:23  Zergling x6  
  25  2:32  Extractor  
  25  2:36  Drone  
  25  2:47  Drone x3  
  28  3:27  Drone x2  
  28  3:28  Overlord  
  28  3:29  Overlord  
  30  3:42  Pneumatized Carapace, Hatchery  
  28  4:06  Roach Warren  
  28  4:07  Drone x4  
  28  4:08  Drone x2  
  33  4:22  Zergling x2  
  34  4:37  Hydralisk Den  
  33  4:45  Spire  
  32  4:53  Roach x4  
  32  4:54  Roach  
  32  4:57  Drone  
  43  5:13  Queen  
  45  5:14  Drone  
  45  5:18  Drone  
  47  5:24  Tunneling Claws  
  47  5:27  Burrow  
  47  5:35  Hydralisk x2  
  47  5:41  Overlord x2  
  51  6:07  Drone x2  
  53  6:11  Zergling x4  
  53  6:12  Zergling x4, Hatchery  
  53  6:17  Zerg Flyer Weapons Level 1  
  56  6:19  Lurker Den  
  56  6:38  Drone x2  
  58  6:54  Hydralisk x2  
  58  6:59  Mutalisk x2, Roach x5  
  62  7:05  Drone x4  
  66  7:31  Extractor  
  66  7:35  Overseer  
  65  7:46  Hydralisk  
  65  7:47  Hydralisk x3  
  73  7:54  Overlord x3  
  73  8:11  Queen  
  75  8:15  Drone x3  
  75  8:19  Drone x3  
  81  8:24  Drone x3  
  84  8:33  Extractor  
  83  8:36  Extractor  
  82  8:43  Lurker x2  
  84  8:52  Extractor  
  84  8:54  Drone x3  
  86  9:09  Overseer  
  86  9:18  Drone x3  
  86  9:19  Drone x3  
  77  10:12  Mutalisk x6  
  89  10:15  Drone x5  
  89  10:16  Drone  
  95  10:48  Lurker  
  96  10:52  Mutalisk  
  96  10:54  Overlord x2  
  96  10:55  Overlord x2  
  98  11:18  Hatchery  
  97  11:27  Zergling x12  
  97  11:32  Baneling Nest  
  102  11:50  Mutalisk  
  102  11:51  Mutalisk x5  
  114  12:18  Drone x5  
  119  12:27  Drone x5  
  119  12:28  Drone x4  
  128  12:34  Overlord x5, Metabolic Boost  
  109  13:51  Drone x3  
  112  13:55  Extractor  
  112  13:58  Hatchery  
  110  14:12  Hydralisk x3  
  116  14:18  Hydralisk x3  
  116  14:22  Hydralisk x4  
  130  14:27  Centrifical Hooks  
  130  14:44  Extractor  
  129  14:47  Drone  
  129  14:48  Drone x2  
  132  14:55  Queen  
  134  15:05  Hydralisk x5  
  144  15:09  Overlord  
  144  15:10  Overlord x2  
  144  15:14  Hydralisk x3  
  144  15:20  Drone x2  
  152  15:26  Drone x2  
  154  15:31  Extractor  
  154  15:34  Extractor  
  152  16:00  Zergling x6  
  155  16:17  Infestation Pit  
  154  16:22  Baneling x3  
  154  16:23  Baneling x3  
  115  16:57  Drone x3  
  115  16:58  Queen  
  115  17:00  Mutalisk  
  115  17:01  Mutalisk x5  
  122  17:05  Zergling x6  
  135  17:09  Zergling x10  
  135  17:11  Zergling x2  
  135  17:12  Zergling x8  
  145  17:35  Hatchery  
  144  18:05  Hatchery  
  110  19:05  Hydralisk x4  
  110  19:06  Hydralisk x2  
  110  19:07  Mutalisk  
  110  19:08  Mutalisk x5  
  134  19:11  Mutalisk x6  
  134  19:13  Hydralisk  
  134  19:14  Hydralisk x5  
  158  19:22  Roach x3  
  158  19:23  Roach x3  
  146  20:13  Overseer  
  145  20:54  Hive  
  163  21:04  Zergling x6  
  166  21:06  Zergling x4  
  166  21:07  Zergling x2  
  166  21:08  Zergling x4  
  166  21:09  Zergling x2  
  172  21:25  Drone x3  
  175  21:36  Extractor  
  117  23:04  Hydralisk x3  
  121  23:07  Hydralisk x2  
  121  23:08  Hydralisk  
  121  23:11  Hydralisk x2  
  121  23:12  Hydralisk  
  133  23:13  Hydralisk x3  
  133  23:15  Hydralisk x3  
  133  23:17  Hydralisk x3  
  133  23:18  Hydralisk  
  133  23:19  Hydralisk x2  
Show
View Real Time Build Order
Export as new Build Order

RANURA DE IA (Media) Zerg - Winner!

Build Orders: Hatch First 

Get SALT Encoding   

  12  0:01  Drone  
  13  0:12  Overlord  
  13  0:17  Drone  
  14  0:30  Drone  
  14  0:33  Drone  
  16  0:36  Drone  
  17  0:53  Hatchery  
  17  0:56  Drone  
  17  1:12  Spawning Pool  
  17  1:13  Drone  
  17  1:17  Drone  
  18  1:20  Extractor  
  18  1:22  Drone  
  18  1:29  Overlord  
  18  2:00  Zergling x4, Queen  
  22  2:02  Drone, Roach Warren  
  22  2:03  Extractor  
  22  2:06  Drone  
  22  2:38  Overlord  
  22  2:42  Roach x2, Drone  
  22  2:43  Roach  
  31  2:44  Roach  
  31  2:53  Drone  
  31  2:56  Drone  
  33  3:00  Drone  
  33  3:04  Lair  
  34  3:20  Extractor  
  34  3:21  Drone  
  34  3:25  Drone  
  35  3:29  Drone  
  36  3:35  Overlord  
  36  3:42  Drone  
  37  3:50  Ravager, Drone  
  37  3:54  Drone  
  40  3:58  Drone  
  40  4:01  Drone  
  42  4:04  Hydralisk Den  
  42  4:06  Drone  
  42  4:11  Overlord  
  42  4:14  Drone  
  43  4:17  Drone  
  43  4:20  Drone  
  43  4:23  Drone  
  46  4:26  Drone  
  46  4:28  Drone  
  48  4:31  Drone  
  48  4:34  Drone  
  48  4:36  Hydralisk  
  52  4:41  Overlord  
  52  4:42  Drone  
  52  4:45  Drone  
  54  4:48  Drone  
  54  4:51  Drone  
  56  4:54  Roach  
  56  4:59  Drone  
  59  5:02  Overlord  
  59  5:10  Drone  
  59  5:11  Ravager x2  
  65  5:14  Roach, Drone  
  65  5:17  Drone  
  65  5:21  Overlord, Drone  
  67  5:24  Drone  
  68  5:29  Overseer  
  68  5:31  Overseer  
  68  5:32  Drone  
  68  5:35  Drone  
  70  5:40  Baneling Nest  
  69  5:43  Overlord  
  69  5:45  Hydralisk, Drone  
  69  5:48  Evolution Chamber, Drone  
  72  5:51  Drone  
  72  5:52  Spore Crawler  
  72  5:54  Spore Crawler  
  72  5:55  Drone  
  72  5:58  Drone  
  72  6:00  Spore Crawler  
  72  6:04  Spore Crawler  
  71  6:05  Drone  
  71  6:07  Hydralisk  
  71  6:08  Queen  
  76  6:17  Overlord, Drone  
  76  6:18  Spine Crawler  
  76  6:20  Spine Crawler  
  76  6:21  Drone  
  76  6:24  Queen  
  76  6:25  Roach  
  80  6:29  Spine Crawler  
  80  6:30  Drone  
  80  6:34  Spine Crawler  
  80  6:37  Drone  
  80  6:38  Infestation Pit  
  79  6:40  Drone  
  79  6:41  Hydralisk  
  79  6:46  Spire  
  81  6:48  Evolution Chamber  
  81  6:49  Drone  
  81  6:52  Drone  
  82  6:59  Roach  
  84  7:22  Extractor  
  83  7:44  Drone  
  84  7:47  Drone  
  85  8:58  Pneumatized Carapace  
  85  8:59  Overlord, Overseer  
  85  9:00  Roach, Zerg Melee Weapons Level 1, Zerg Ground Armor Level 1  
  85  9:01  Burrow, Muscular Augments  
  87  9:06  Roach  
  87  9:09  Hatchery  
  88  9:13  Roach  
  90  9:19  Roach  
  92  9:25  Infestor  
  94  9:34  Zergling x2  
  93  9:40  Hydralisk  
  93  9:42  Hive  
  81  9:47  Roach, Overseer  
  70  9:53  Hydralisk  
  74  10:00  Roach  
  74  10:03  Overlord, Overseer  
  74  10:06  Roach  
  76  10:13  Roach  
  78  10:19  Roach  
  80  10:22  Queen, Drone  
  80  10:25  Hydralisk, Drone  
  80  10:28  Drone  
  87  10:31  Hydralisk, Drone  
  87  10:32  Extractor  
  87  10:34  Spore Crawler, Drone  
  89  10:36  Spore Crawler  
  89  10:37  Drone  
  89  10:38  Extractor  
  89  10:39  Drone  
  89  10:42  Drone  
  90  10:45  Drone  
  91  10:54  Zerg Missile Weapons Level 1  
  91  10:59  Ultralisk Cavern  
  91  11:00  Drone  
  91  11:02  Spine Crawler  
  91  11:03  Spine Crawler, Drone  
  90  11:04  Greater Spire  
  90  11:06  Drone  
  91  12:17  Spire  
  91  12:18  Drone  
  91  12:37  Hydralisk  
  91  12:38  Overlord, Zerg Melee Weapons Level 2  
  91  12:39  Zerg Flyer Weapons Level 1  
  91  12:42  Hydralisk  
  95  12:48  Zerg Ground Armor Level 2  
  95  12:58  Hatchery, Drone  
  95  13:04  Zergling x2  
  95  13:08  Hydralisk  
  95  13:12  Overlord, Overseer  
  83  13:13  Hydralisk  
  83  13:17  Hydralisk  
  85  13:21  Overseer, Hydralisk  
  85  13:26  Infestor  
  81  13:29  Zerg Flyer Armor Level 1  
  81  13:31  Roach, Overlord  
  79  13:35  Roach  
  79  13:40  Roach  
  83  13:44  Roach  
  85  13:48  Roach  
  85  13:50  Overlord  
  85  13:53  Roach  
  89  13:59  Ravager  
  89  14:00  Roach  
  92  14:04  Roach, Ravager x2  
  92  14:08  Overlord  
  92  14:09  Roach  
  98  14:11  Queen  
  98  14:13  Roach, Ravager  
  103  14:25  Extractor, Drone  
  103  14:32  Spore Crawler, Drone  
  103  14:33  Zerg Flyer Weapons Level 2  
  103  14:34  Spore Crawler  
  103  14:35  Extractor, Drone  
  103  14:38  Drone  
  103  14:53  Zerg Missile Weapons Level 2  
  103  15:00  Drone, Spine Crawler  
  103  15:02  Spine Crawler  
  103  15:03  Drone  
  103  15:04  Zerg Melee Weapons Level 3  
  103  15:24  Zerg Flyer Armor Level 2  
  103  15:57  Overlord, Ultralisk  
  109  16:07  Ultralisk  
  115  16:15  Overlord  
  115  16:17  Ultralisk  
  120  16:27  Ultralisk  
  120  16:29  Overseer  
  111  16:34  Overlord  
  111  16:35  Overseer  
  111  16:37  Zergling x2  
  89  16:47  Ultralisk  
  89  16:53  Overlord  
  95  16:57  Hydralisk  
  97  17:03  Overseer  
  97  17:07  Hydralisk  
  99  17:09  Zerg Ground Armor Level 3  
  99  17:13  Overlord  
  99  17:17  Ultralisk  
  105  17:27  Hydralisk  
  107  17:32  Overlord  
  107  17:37  Hydralisk  
  107  17:41  Zerg Missile Weapons Level 3  
  109  18:01  Hatchery  
  108  18:43  Queen  
  108  18:44  Zergling x2  
  97  18:54  Ultralisk  
  97  18:55  Spine Crawler  
  98  19:02  Overlord  
  98  19:03  Hydralisk  
  98  19:09  Overseer  
  100  19:10  Drone x2  
  100  19:11  Spore Crawler  
  100  19:13  Hydralisk  
  100  19:14  Queen, Drone  
  100  19:17  Drone x2  
  101  19:20  Drone  
  101  19:23  Overlord, Overseer, Hydralisk, Drone  
  102  19:25  Extractor  
  102  19:26  Drone  
  102  19:27  Spore Crawler  
  102  19:29  Spore Crawler, Drone  
  103  19:31  Drone  
  103  19:32  Extractor, Drone x3  
  103  19:33  Hydralisk  
  103  19:35  Spore Crawler, Drone  
  103  19:37  Spore Crawler  
  103  19:38  Drone  
  99  19:41  Overlord, Drone  
  99  19:44  Zergling x2, Drone  
  94  19:47  Drone  
  94  19:50  Drone  
  96  19:53  Drone  
  96  19:54  Spine Crawler  
  96  19:55  Ultralisk, Drone  
  96  19:57  Spine Crawler  
  96  19:59  Drone  
  101  20:01  Spine Crawler  
  101  20:03  Overlord, Ultralisk  
  101  20:06  Hydralisk  
  108  20:09  Hydralisk  
  108  20:13  Roach  
  112  20:17  Roach  
  112  20:21  Roach, Overlord  
  116  20:22  Drone  
  116  20:24  Roach  
  117  20:28  Roach  
  117  20:32  Roach  
  117  20:33  Overseer  
  101  20:35  Hydralisk  
  101  20:39  Hydralisk  
  99  20:43  Infestor  
  99  20:46  Hydralisk  
  103  20:50  Hydralisk  
  103  20:54  Roach, Ravager  
  103  20:56  Overseer  
  108  20:58  Roach, Overlord, Ravager  
  108  21:02  Roach, Ravager x2  
  115  21:06  Roach  
  117  22:10  Zergling x2, Queen  
  117  22:14  Spine Crawler  
  116  22:15  Drone  
  117  22:43  Drone  
  117  22:47  Drone  
  117  22:50  Infestor  
  116  22:54  Zergling x2  
  116  22:58  Roach  
  115  23:01  Drone, Hydralisk, Spine Crawler  
  117  23:07  Ultralisk  
  117  23:12  Roach, Overlord  
  119  23:13  Viper  
  119  23:18  Roach  
  124  23:23  Roach  
  124  23:26  Hydralisk  
  126  23:27  Hatchery  
  126  23:28  Roach, Drone  
  126  23:32  Overlord, Infestor  
  126  23:33  Hydralisk x2  
  130  23:38  Infestor  
  132  23:41  Ultralisk x2  
  132  23:48  Ultralisk  
  129  23:49  Roach  
  129  23:54  Hydralisk  
  115  24:00  Roach  
  115  24:04  Hydralisk  
  119  24:10  Roach  
Tags
 
Add a new tag
Caveats
  • Supply blocks, unpowered buildings, or Contaminate may cause inaccurate times.
  • Supply counts are checked every 10 seconds.